 Dungeon Crawl Stone Soup version 0.25-a0-1113-g0499d652a8 (webtiles) character file.

Game seed: 12938855315233309953, levelgen mode: deterministic

8495 Esekla the Thaumaturge (level 11, 0/67 HPs)
             Began as an Octopode Wizard on May 16, 2020.
             Was a High Priest of Qazlal.
             Slain by an orc knight
             ... wielding a +0 battleaxe
              (15 damage)
             ... on level 1 of the Orcish Mines.
             The game lasted 02:44:41 (17682 turns).

Esekla the Thaumaturge (Octopode Wizard)           Turns: 17682, Time: 02:44:41

Health: 0/67       AC:  1    Str:  9    XL:     11   Next: 31%
Magic:  31/32      EV: 14    Int: 22    God:    Qazlal [*****.]
Gold:   283        SH:  6    Dex: 10    Spells: 12/27 levels left

rFire    . . .     SeeInvis .   h - +1 halberd (vamp)
rCold    . . .     Gourm    .   (shield currently unavailable)
rNeg     . . .     Faith    .   w - +0 hat
rPois    +         Spirit   .   u - amulet of magic regeneration
rElec    .         Reflect  .   B - ring of magical power
rCorr    .         Harm     .   M - ring of poison resistance
MR       .....                  (no ring)
Stlth    ++........             (no ring)
HPRegen  0.21/turn              (no ring)
MPRegen  0.48/turn              (no ring)
                                (no ring)
                                (no ring)

@: repel missiles
A: almost no armour, stealthy swim, amphibious, 8 rings, constrict 8, camouflage
1, gelatinous body 1
a: Upheaval, Elemental Force, Disaster Area, Renounce Religion


You were on level 1 of the Orcish Mines.
You worshipped Qazlal.
Qazlal was extremely pleased with you.
You were not hungry.

You visited 3 branches of the dungeon, and saw 13 of its levels.

You collected 738 gold pieces.
You spent 455 gold pieces at shops.

Inventory:

Hand Weapons
 a - a +2 war axe of freezing
 f - a +2 scimitar
 h - a +1 vampiric halberd (weapon)
 s - a +1 spear of venom
 v - a +2 dagger of venom
 J - the cursed +2 short sword "Taotat" {freeze, +Blink +Fly Int+3 Dex-3}
   (You took it off a wight on level 9 of the Dungeon)

   It has been specially enchanted to freeze those struck by it, causing extra
   injury to most foes and up to half again as much damage against particularly
   susceptible opponents.
   It can also slow down cold-blooded creatures.
   It affects your intelligence (+3).
   It affects your dexterity (-3).
   It lets you fly.
   It lets you blink.
   It has a curse placed upon it.
 K - a +4 trident
Missiles
 r - 11 poisoned darts (quivered)
 t - 9 boomerangs
 y - 5 curare-tipped darts
 N - 3 silver boomerangs
Armour
 w - a +0 hat (worn)
 H - a +0 buckler
Jewellery
 u - an amulet of magic regeneration (around mantle)
 B - a ring of magical power (left tentacle)
 M - a ring of poison resistance (right tentacle)
Wands
 n - a wand of disintegration (15)
 x - a wand of paralysis (17)
 C - a wand of random effects (40)
 L - a wand of flame (43)
Scrolls
 d - a scroll of blinking {unknown}
 e - a scroll of amnesia {unknown}
 g - 6 scrolls of teleportation
 i - a scroll of magic mapping
 j - 3 scrolls of remove curse
 m - a scroll of vulnerability {unknown}
 p - a scroll of fear {unknown}
 q - 2 scrolls of enchant weapon {unknown}
 z - 2 scrolls of enchant armour {unknown}
 D - 2 scrolls of fog
 I - a scroll of holy word {unknown}
Potions
 b - 3 potions of lignification
 k - a potion of heal wounds
 l - a potion of brilliance
 o - 3 potions of curing
 A - a potion of magic {unknown}
 E - a potion of might
 F - a potion of haste
 G - a potion of mutation {unknown}
Comestibles
 c - 21 rations


   Skills:
 + Level 3.6 Fighting
 + Level 2.0(2.6) Short Blades
 + Level 2.4(2.8) Long Blades
 + Level 3.6(4.2) Axes
 + Level 3.1(3.9) Polearms
 + Level 4.0 Throwing
 + Level 3.4 Dodging
 - Level 2.6 Stealth
 * Level 3.7 Shields
 * Level 8.9 Spellcasting
 + Level 4.6 Conjurations
 * Level 1.8 Charms
   Level 1.0 Summonings
 + Level 4.6 Translocations
 + Level 3.8 Fire Magic
 * Level 1.8 Ice Magic
 + Level 4.5 Air Magic
 + Level 6.0 Poison Magic


You had 12 spell levels left.
You knew the following spells:

 Your Spells              Type           Power        Failure   Level  Hunger
a - Ozocubu's Armour      Chrm/Ice       ###.....     10%         3    None
b - Blink                 Tloc           N/A          1%          2    None
c - Mephitic Cloud        Conj/Pois/Air  ####....     2%          3    None
d - Magic Dart            Conj           ####         1%          1    None
f - Conjure Flame         Conj/Fire      ####....     3%          3    None
r - Frozen Ramparts       Ice            ###...       10%         3    None

Your spell library contained the following spells:

 Spells                   Type           Power        Failure   Level  Hunger
 Freeze                   Ice            ###.         3%          1    None
 Call Imp                 Summ           ##......     7%          2    None
 Slow                     Hex            #.......     11%         2    None
 Hailstorm                Conj/Ice       ###.....     19%         4    ##.....
 Summon Ice Beast         Ice/Summ       ###.....     36%         4    ##.....


Dungeon Overview and Level Annotations

Branches:
Dungeon (10/15)            Temple (1/1) D:6             Orc (2/2) D:9
   Lair: D:8-11         Elf: Orc:2

Altars:
Ashenzari
Gozag
Nemelex Xobeh
Okawaru
Qazlal
Trog
Vehumet
Xom
Zin
The Shining One
Beogh

Shops:
D:4 =   D:5 :

Annotations:
D:8 2 transporters, Grum; p0werm0de's ghost, novice OpFi
Orc:2 Nessos


Innate Abilities, Weirdness & Mutations

You cannot wear most types of armour.
You are very stealthy in the water. (Stealth+)
You are amphibious.
You can wear up to eight rings at the same time.
You can use your tentacles to constrict eight enemies at once.
Your skin changes colour to match your surroundings (Stealth+).
Your rubbery body absorbs attacks. (AC +1, EV +1)


Message History

Confirm with . or Enter, or press ? or * to list all spells.
You blink.
Casting: Blink (safe; 1% risk of failure)
Confirm with . or Enter, or press ? or * to list all spells.
Aiming: Mephitic Cloud (dangerous; 2% risk of failure)
Press: ? - help, Shift-Dir - straight line, f/p - orc knight
Aim: an orc knight, wielding a +0 battleaxe and wearing a +0 chain mail (lightly wounded)
The ball explodes into a vile cloud!
The stinking cloud engulfs the orc knight but does no damage.
The orc knight is lightly wounded.
The orc knight is engulfed in noxious fumes.
The orc knight is engulfed in blazing flames.
The ogre says, "Why is everything spinning?"
Attack whom?
Press: ? - help, Dir - move target cursor, f/p - orc knight
Aim: an orc knight, wielding a +0 battleaxe and wearing a +0 chain mail (heavily wounded)
You reach to attack!
You barely miss the orc knight.
The orc knight is heavily wounded.
The orc knight hits you with a +0 battleaxe!
You die...

### ########
########.#####....#.##
##.##.##....##@○☼.....##
##.......#^....☼o.......#
#............#.○○......##
##...................#.#####
#...........O...§°.....##.###
##..#..................#....##
##............................#
##......(.(........##.##.#....##
#.....##............#######.###


You could see an orc knight and an ogre (confused).

Vanquished Creatures
  A two-headed ogre (D:10)
  An orc sorcerer (Orc:1)
  A hornet (D:7)
  5 hippogriffs
  A warg (Orc:1)
  A water moccasin (D:7)
  Duvessa (D:4)
  11 orc warriors
  3 black bears
  3 ice beasts
  2 sky beasts
  12 ogres
  A phantom (D:7)
  2 centaurs
  A big kobold (D:10)
  8 bullfrogs
  A gnoll sergeant (D:6)
  Dowan (D:4)
  A wyvern skeleton (D:10)
  3 scorpions
  A killer bee (D:8)
  6 wights
  4 howler monkeys
  5 crimson imps
  8 hounds
  2 jellies
  A gnoll shaman (D:10)
  8 orc priests
  Crazy Yiuf (D:5)
  10 orc wizards
  A centaur skeleton (D:8)
  9 worker ants
  A worker ant zombie (D:9)
  22 gnolls
  A howler monkey skeleton (D:8)
  16 adders
  A shadow imp (D:7)
  2 adder zombies
  2 oozes
  2 adder skeletons
  2 worms (D:2)
  A dart slug (D:1)
  4 leopard geckos
  59 orcs
  8 bats
  5 giant cockroaches
  6 goblins
  8 hobgoblins
  11 jackals
  3 quokkas
  2 frilled lizards (D:1)
  11 kobolds
  A leopard gecko skeleton (D:8)
  4 rats
288 creatures vanquished.

Vanquished Creatures (others)
  6 plants (D:8)
6 creatures vanquished.

Grand Total: 294 creatures vanquished

Notes
Turn   | Place    | Note
-------+----------+-------------------------------------------
     0 | D:1      | Esekla the Octopode Wizard began the quest for the Orb.
     0 | D:1      | Reached XP level 1. HP: 11/11 MP: 4/4
   416 | D:1      | You fall into a shaft and drop 2 floors!
   416 | D:3      | Found a stormy altar of Qazlal.
   423 | D:3      | Became a worshipper of Qazlal Stormbringer
   473 | D:3      | Found a shattered altar of Ashenzari.
   473 | D:3      | Found a glowing golden altar of the Shining One.
   520 | D:1      | Reached XP level 2. HP: 17/17 MP: 6/6
   886 | D:1      | Learned a level 2 spell: Blink
  1313 | D:2      | Reached XP level 3. HP: 21/22 MP: 5/8
  1318 | D:2      | Learned a level 3 spell: Mephitic Cloud
  1322 | D:2      | Learned a level 3 spell: Conjure Flame
  2070 | D:3      | Reached skill level 1 in Short Blades
  2070 | D:3      | Reached XP level 4. HP: 17/27 MP: 9/9
  2297 | D:2      | Reached skill level 1 in Air Magic
  2311 | D:2      | Reached skill level 1 in Poison Magic
  2566 | D:2      | Reached XP level 5. HP: 25/32 MP: 5/10
  2889 | D:2      | Found a radiant altar of Vehumet.
  3222 | D:2      | Reached skill level 4 in Spellcasting
  3704 | D:3      | Reached skill level 1 in Fighting
  3989 | D:3      | Reached * piety under Qazlal
  4106 | D:3      | Reached XP level 6. HP: 38/38 MP: 9/12
  4617 | D:3      | Found an opulent altar of Gozag.
  4620 | D:3      | Found a glowing silver altar of Zin.
  4838 | D:4      | Found an iron altar of Okawaru.
  5686 | D:4      | Noticed Dowan
  5689 | D:4      | Noticed Duvessa
  5913 | D:4      | Reached XP level 7. HP: 43/43 MP: 12/14
  6021 | D:4      | Killed Duvessa
  6021 | D:4      | Reached skill level 5 in Spellcasting
  6041 | D:4      | Killed Dowan
  6041 | D:4      | Reached skill level 1 in Long Blades
  6041 | D:4      | Reached skill level 1 in Throwing
  6193 | D:4      | Found Hubunwecho's Jewellery Emporium.
  6232 | D:4      | Reached ** piety under Qazlal
  6438 | D:4      | Found a sparkling altar of Nemelex Xobeh.
  6597 | D:5      | Entered Level 5 of the Dungeon
  6671 | D:5      | Reached XP level 8. HP: 35/48 MP: 11/16
  7177 | D:5      | Found a runed translucent door.
  7178 | D:5      | Noticed Crazy Yiuf
  7394 | D:5      | Found Tiaj Uca's Book Shop.
  7777 | D:6      | Reached skill level 5 in Poison Magic
  7942 | D:6      | Reached skill level 6 in Spellcasting
  7996 | D:6      | Found an opulent altar of Gozag.
  8045 | D:6      | Found a staircase to the Ecumenical Temple.
  8101 | D:6      | Reached skill level 1 in Axes
  8107 | D:6      | Reached XP level 9. HP: 40/54 MP: 14/18
  8169 | Temple   | Entered the Ecumenical Temple
  8584 | D:5      | Killed Crazy Yiuf
  8584 | D:5      | Reached skill level 1 in Fire Magic
  9028 | D:6      | Found a bloodstained altar of Trog.
  9531 | D:7      | Reached skill level 1 in Polearms
 10118 | D:7      | Reached skill level 7 in Spellcasting
 10853 | D:7      | Reached *** piety under Qazlal
 11676 | D:8      | Reached XP level 10. HP: 40/61 MP: 21/21
 11721 | D:7      | Reached skill level 1 in Shields
 12190 | D:8      | Found a transporter.
 12195 | D:8      | Noticed p0werm0de's ghost (novice OpFi)
 12249 | D:8      | Found a transporter.
 12249 | D:8      | Identified the ring of Fetatutec {rElec rF+ Str+4 Dex-4}
 12252 | D:8      | Noticed Grum
 12554 | D:8      | Noticed a gargoyle
 13003 | D:8      | Noticed a seven-headed hydra
 13416 | D:9      | Found a shimmering altar of Xom.
 13492 | D:9      | Reached skill level 8 in Spellcasting
 13696 | D:9      | Reached **** piety under Qazlal
 13812 | D:9      | Identified the cursed +2 short sword "Taotat" {freeze,
                  | +Blink +Fly Int+3 Dex-3}
 14087 | D:9      | Found a roughly hewn altar of Beogh.
 14087 | D:9      | Found a staircase to the Orcish Mines.
 14390 | D:10     | Entered Level 10 of the Dungeon
 14943 | D:10     | Noticed a five-headed hydra
 15073 | D:10     | Found a glowing golden altar of the Shining One.
 15263 | D:5      | Bought a book of Frost for 455 gold pieces
 15267 | D:5      | Learned a level 3 spell: Ozocubu's Armour
 15362 | D:7      | Reached ***** piety under Qazlal
 15527 | D:7      | Learned a level 3 spell: Frozen Ramparts
 15865 | Orc:1    | Entered Level 1 of the Orcish Mines
 15874 | Orc:1    | Reached XP level 11. HP: 67/67 MP: 23/23
 15876 | Orc:1    | Noticed an orc sorcerer
 15880 | Orc:1    | Killed an orc sorcerer
 15880 | Orc:1    | Reached skill level 1 in Charms
 15880 | Orc:1    | Reached skill level 1 in Ice Magic
 16083 | Orc:2    | Entered Level 2 of the Orcish Mines
 16087 | Orc:2    | Noticed Nessos
 16093 | Orc:2    | Noticed an orc knight
 16093 | Orc:2    | Noticed an orc knight
 16569 | D:10     | Noticed a two-headed ogre
 16806 | D:10     | Killed a two-headed ogre
 17595 | Orc:2    | Noticed an orc sorcerer
 17599 | Orc:2    | Noticed an orc knight
 17682 | Orc:1    | Slain by an orc knight

Illustrated notes

Levels and vault maps discovered:
D:1:      minmay_arrival_cross, layout_rooms, minmay_misc_feat_encased
D:2:      layout_rooms, lemuel_round_altar
D:3:      layout_loops_ring, grunt_temple_overflow_gold_and_silver,
          gammafunk_temple_overflow_elements, grunt_qazlal_sundering,
          first_ration
D:4:      layout_rooms, okawaru_ov_weapons_minmay, nemelex_altar_shiori,
          serial_shops, shop, uniq_duvessa
D:5:      lemuel_upstairs_altar, layout_basic, serial_shops,
          kennysheep_little_box, chequers_serial_rivers_large_a, nrook_campfire,
          uniq_crazy_yiuf_cottage
D:6:      layout_loops_cross, lightli_temple_of_fire,
          minmay_temple_entry_slanted, kennysheep_crisscross,
          grunt_gozag_statues
D:7:      layout_basic
D:8:      layout_rooms, gammafunk_ghost_gnarly_gnolls, grunt_ogre_cave,
          minmay_pinched_square
D:9:      layout_basic, david_orc_5, tgw_xom
D:10:     layout_gridville, basic_altar, chequers_serial_rivers_small_3
Temple:   nicolae_temple_figure_eight
Orc:1:    layout_caves, basic_altar, uniq_urug
Orc:2:    st_orc_rangers, layout_caves, basic_altar, serial_shops,
          shop_fountains, uniq_saint_roka, uniq_nessos

Skill      XL: |  1  2  3  4  5  6  7  8  9 10 11 |
---------------+----------------------------------+-----
Short Blades   | 1 2 |  2.0
Air Magic      | 1 2 3 4 |  4.5
Poison Magic   | 1 2 3 5 6 |  6.0
Spellcasting   | 4 5 6 7 8 |  8.9
Fighting       | 1 2 3 |  3.6
Conjurations   | 2 3 4 |  4.6
Translocations | 2 3 4 |  4.6
Long Blades    | 1 2 |  2.4
Throwing       | 1 3 4 |  4.0
Axes           | 1 3 |  3.6
Fire Magic     | 2 3 |  3.8
Polearms       | 1 2 3 |  3.1
Dodging        | 3 |  3.4
Shields        | 3 |  3.7
Charms         | 1 |  1.8
Ice Magic      | 1 |  1.8
Stealth        | |  2.6
Summonings     | |  1.0

Action                   |  1- 3 |  4- 6 |  7- 9 | 10-12 || total
-------------------------+-------+-------+-------+-------++-------
Melee: Dagger            |    57 |    72 |    31 |    36 ||   196
       Unarmed           |     3 |       |       |       ||     3
       Constrict         |    17 |    40 |    39 |    51 ||   147
       Tentacles         |     5 |    13 |    26 |    37 ||    81
       Falchion          |       |    33 |    54 |     3 ||    90
       War axe           |       |       |    48 |    68 ||   116
       Halberd           |       |       |    13 |    88 ||   101
       Spear             |       |       |    57 |    57 ||   114
       Scimitar          |       |       |       |    26 ||    26
Throw: Dart              |       |    11 |    67 |    41 ||   119
       Boomerang         |       |       |       |     1 ||     1
 Cast: Magic Dart        |    56 |   160 |   120 |    92 ||   428
       Blink             |     4 |     1 |    16 |    27 ||    48
       Conjure Flame     |     1 |       |     9 |     5 ||    15
       Mephitic Cloud    |       |     7 |    22 |    46 ||    75
       Ozocubu's Armour  |       |       |       |    11 ||    11
       Frozen Ramparts   |       |       |       |     2 ||     2
  Use: Scroll            |       |     4 |     2 |     7 ||    13
       Potion            |       |     3 |     1 |     4 ||     8
 Stab: Sleeping          |     8 |       |       |       ||     8
       Confused          |       |     1 |     7 |    11 ||    19
  Eat: Chunk             |     2 |    10 |    15 |    13 ||    40
       Ration            |       |     1 |     1 |     2 ||     4
Armor: Skin              |     4 |    11 |     7 |    66 ||    88
Dodge: Dodged            |    46 |   103 |    68 |   161 ||   378
       Repelled          |       |       |       |     4 ||     4
Block: Other             |       |     4 |    14 |    60 ||    78
       Rpst.: Falchion   |       |    15 |     5 |     3 ||    23
       Scimitar          |       |       |       |     8 ||     8

Table legend:
 A = Non-vault XP
 B = Vault XP
 C = Vault XP percentage of total XP
 D = Non-vault monster count
 E = Vault monster count
 F = Vault count percentage of total count
                 A         B        C        D         E       F
            +---------+---------+-------+---------+---------+-------
      Total |   10440 |    1697 |  14.0 |     250 |      38 |  13.2
            +---------+---------+-------+---------+---------+-------
        D:1 |      48 |       0 |   0.0 |      21 |       0 |   0.0
        D:2 |     133 |       0 |   0.0 |      23 |       0 |   0.0
        D:3 |     292 |       0 |   0.0 |      33 |       0 |   0.0
        D:4 |     334 |     210 |  38.6 |      18 |       2 |  10.0
        D:5 |     819 |      40 |   4.7 |      15 |       1 |   6.2
        D:6 |     819 |       0 |   0.0 |      24 |       0 |   0.0
        D:7 |    2327 |     511 |  18.0 |      34 |       4 |  10.5
        D:8 |     908 |     331 |  26.7 |      18 |       9 |  33.3
        D:9 |    1106 |     605 |  35.4 |      23 |      22 |  48.9
       D:10 |    1935 |       0 |   0.0 |      27 |       0 |   0.0
      Orc:1 |    1480 |       0 |   0.0 |       9 |       0 |   0.0
      Orc:2 |     239 |       0 |   0.0 |       5 |       0 |   0.0
            +---------+---------+-------+---------+---------+-------
